Map: Cactus Valley LE (Void)

Players

Bop

  • Race: Terran Terran

eskashaborn - Winner!

  • Race: Terran Terran

VOD

Have the link to the VOD?

Description

Time

  • Played on: May 2, 2015, 5:42 p.m.
  • Length: 16:29
Show
View Real Time Build Order
Export as new Build Order

Bop Terran 

Build Orders: Siege Tank Drop 

Get SALT Encoding   

  12  0:01  SCV  
  13  0:13  SCV  
  14  0:20  Supply Depot  
  14  0:25  SCV  
  15  0:42  SCV  
  16  0:46  Barracks  
  16  0:49  Refinery  
  16  0:54  SCV  
  17  1:06  SCV  
  18  1:18  SCV  
  20  1:34  Marine  
  21  1:42  Orbital Command  
  20  1:47  Refinery  
  20  1:52  Marine  
  21  1:55  Supply Depot  
  21  2:03  Factory  
  21  2:08  SCV  
  22  2:10  Marine  
  23  2:20  SCV  
  24  2:34  SCV  
  24  2:35  Barracks Reactor  
  25  2:47  Factory Tech Lab  
  25  2:48  SCV  
  25  2:50  Starport  
  26  3:00  SCV  
  27  3:07  Siege Tank  
  27  3:09  Supply Depot  
  30  3:17  Marine  
  31  3:31  Medivac, Marine  
  31  3:33  Command Center  
  34  3:43  Cyclone  
  34  3:46  Supply Depot  
  37  3:51  SCV  
  37  3:55  Marine  
  38  3:59  Supply Depot  
  38  4:02  Starport Tech Lab  
  39  4:08  Marine  
  40  4:10  SCV  
  40  4:13  Marine  
  40  4:15  Cyclone  
  45  4:22  SCV  
  46  4:34  SCV  
  47  4:49  Cyclone  
  47  4:50  Marine x2  
  47  4:51  Orbital Command  
  42  5:09  SCV  
  39  5:16  Factory  
  39  5:21  SCV, Orbital Command  
  40  5:23  Command Center, Medivac  
  42  5:34  Marine x2  
  44  5:37  SCV  
  45  5:55  Cyclone  
  48  5:59  Marine  
  48  6:00  Marine  
  48  6:03  SCV x2  
  52  6:15  SCV x2  
  52  6:17  Marine x2  
  54  6:24  Cyclone, Refinery  
  57  6:27  SCV  
  57  6:28  SCV  
  57  6:29  Refinery  
  59  6:37  Orbital Command  
  59  6:39  SCV  
  60  6:40  SCV  
  61  6:49  Medivac  
  61  6:51  SCV  
  64  6:57  Barracks  
  64  6:59  Marine x2  
  64  7:00  Barracks  
  66  7:05  Missile Turret  
  66  7:11  Engineering Bay  
  66  7:13  SCV x3  
  68  7:21  Viking  
  68  7:22  Marine  
  67  7:33  Missile Turret  
  67  7:35  Marine  
  67  7:36  SCV x2  
  67  7:39  Marine  
  68  7:48  Barracks Tech Lab  
  68  7:49  Barracks Tech Lab  
  68  7:56  Siege Tank x2  
  74  7:58  SCV  
  74  7:59  SCV x2  
  74  8:01  Marine x2  
  79  8:19  Marine x2  
  80  8:20  Marine x2  
  82  8:28  Medivac  
  82  8:31  Stimpack  
  82  8:32  Combat Shields, Missile Turret  
  82  8:34  Terran Infantry Weapons Level 1  
  84  8:35  Armory, Engineering Bay  
  84  8:37  Marine x2  
  85  8:45  SCV  
  85  8:51  Orbital Command  
  85  8:53  SCV, Siege Tank, Marine x2  
  85  8:55  Marine x2  
  96  9:02  Siege Tank  
  96  9:05  Missile Turret x2  
  96  9:11  Marine  
  97  9:20  Supply Depot  
  97  9:21  Supply Depot  
  97  9:40  Marine x4  
  101  9:51  Medivac  
  101  9:52  Siege Tank  
  104  9:56  Supply Depot  
  104  9:58  Terran Infantry Armor Level 1, Marine x4  
  106  10:13  Siege Tank  
  101  10:16  Marine x4  
  101  10:18  SCV x3  
  101  10:19  Command Center  
  101  10:21  Terran Vehicle and Ship Weapons Level 1  
  108  10:24  Siege Tank  
  111  10:32  Starport Reactor  
  111  10:33  Marine  
  111  10:34  Marine x3  
  115  10:37  Refinery  
  115  10:51  Refinery, Marine x4  
  115  10:52  Siege Tank  
  115  10:56  Siege Tank  
  125  11:21  Marine  
  125  11:30  Medivac x2, Marine x3  
  132  11:39  Siege Tank x2, Marine  
  135  11:40  SCV x3  
  135  11:41  Orbital Command  
  138  11:48  Marine x2  
  138  11:52  Marine  
  140  11:57  Marine  
  140  12:06  Marine x2  
  139  12:10  Refinery, Marine  
  139  12:15  Terran Infantry Weapons Level 2, Marine  
  140  12:16  Orbital Command  
  140  12:18  Thor  
  140  12:22  Refinery, Missile Turret  
  142  12:23  Missile Turret  
  142  12:24  Missile Turret, Marine x2  
  142  12:26  Refinery, Orbital Command  
  142  12:28  Marine  
  121  12:32  Marine  
  121  12:35  Medivac  
  122  12:42  Marine x2  
  124  12:52  Marine x2  
  109  13:01  Marine x2  
  77  13:10  Marine x2  
  67  13:14  Siege Tank  
  67  13:19  Terran Infantry Armor Level 2, Marine x2  
  72  13:27  Marine  
  72  13:28  Marine  
  74  13:36  Marine  
  74  13:37  Marine  
  74  13:39  Siege Tank  
  78  13:45  Marine x2  
  78  13:46  Siege Tank  
  83  13:54  Marine x2  
  63  14:03  Marine x2  
  63  14:05  Medivac  
  67  14:11  Cyclone  
  67  14:12  Marine x2  
  67  14:14  Barracks  
  67  14:15  Barracks  
  67  14:17  Barracks x2  
  70  14:18  Siege Tank  
  70  14:21  Marine x2  
  73  14:30  Marine x2  
  75  14:32  SCV x4  
  75  14:38  Supply Depot  
  79  14:39  Supply Depot, Marine x2  
  79  14:43  Siege Tank  
  84  14:48  Marine x2  
  83  14:56  Cyclone  
  83  14:57  Marine x2  
  88  15:01  Refinery  
  88  15:02  SCV x3  
  88  15:04  Barracks Reactor  
  88  15:05  Marine  
  88  15:06  Barracks Reactor, Marine  
  93  15:14  Barracks Reactor  
  93  15:15  Siege Tank  
  93  15:21  Fusion Core, Marine x2  
  97  15:23  Marine  
  97  15:25  Marine  
  97  15:27  Medivac  
  102  15:30  Barracks Reactor  
  102  15:38  Marine  
  102  15:39  Marine  
  102  15:41  Marine  
  102  15:50  Marine x3  
  96  16:05  Command Center  
  96  16:06  Marine x7  
Show
View Real Time Build Order
Export as new Build Order

eskashaborn Terran - Winner!

Build Orders: Reaper Expand 

Get SALT Encoding   

  12  0:01  SCV  
  13  0:13  SCV  
  14  0:17  Supply Depot  
  14  0:25  SCV  
  15  0:39  SCV  
  16  0:43  Barracks  
  16  0:45  Refinery  
  16  0:51  SCV  
  17  1:03  SCV  
  18  1:15  SCV  
  19  1:29  Orbital Command  
  19  1:30  Reaper  
  20  1:43  Command Center  
  20  1:55  SCV  
  21  2:03  Marine  
  21  2:06  Factory  
  21  2:07  SCV  
  23  2:09  Supply Depot  
  23  2:23  Barracks Reactor  
  23  2:31  SCV  
  23  2:36  Refinery  
  24  2:43  SCV  
  25  2:55  SCV  
  25  2:56  SCV  
  27  3:03  Starport  
  27  3:07  SCV  
  27  3:09  Marine x2  
  30  3:13  Command Center  
  30  3:23  Orbital Command  
  30  3:25  SCV  
  30  3:26  Widow Mine  
  30  3:27  Marine x2  
  34  3:38  SCV  
  35  3:43  Viking  
  35  3:44  Marine x2  
  39  3:49  SCV  
  39  3:51  SCV  
  39  3:55  Widow Mine  
  43  4:01  SCV  
  44  4:03  SCV, Marine  
  46  4:12  Engineering Bay  
  46  4:15  Supply Depot  
  46  4:24  Marine  
  46  4:25  SCV x2, Viking  
  46  4:28  Supply Depot  
  51  4:36  Orbital Command  
  51  4:37  SCV x2  
  51  4:49  SCV x2  
  52  4:55  Viking  
  49  5:01  SCV x2  
  49  5:06  Factory Tech Lab, Marine x2  
  46  5:10  SCV  
  46  5:13  SCV x2  
  49  5:18  Missile Turret  
  49  5:21  Barracks  
  49  5:22  SCV, Barracks  
  49  5:23  Marine  
  49  5:24  Barracks, Marine  
  49  5:26  Siege Tank, Starport Tech Lab  
  55  5:34  SCV x2  
  55  5:37  Supply Depot  
  55  5:41  Marine x2  
  57  5:55  Banshee  
  57  5:56  Cloaking Field  
  60  5:58  Siege Tank  
  60  5:59  SCV x2  
  60  6:02  Supply Depot  
  65  6:09  Marine x2  
  67  6:11  Orbital Command  
  67  6:14  SCV x2  
  69  6:23  Barracks Tech Lab  
  69  6:24  Barracks Reactor, Barracks Tech Lab  
  69  6:28  SCV, Engineering Bay  
  69  6:30  Command Center, Siege Tank, Refinery x2  
  73  6:39  Marine x2  
  75  6:42  SCV x2  
  75  6:43  SCV  
  78  6:47  Supply Depot x2  
  78  6:48  Banshee  
  81  6:56  Marine x2  
  81  6:57  Marine  
  84  7:03  SCV  
  84  7:04  SCV x2  
  84  7:05  Supply Depot, Refinery  
  84  7:06  Barracks  
  84  7:07  Barracks  
  87  7:14  Marauder  
  89  7:15  SCV  
  89  7:21  Combat Shields  
  89  7:22  Stimpack, Marine x4  
  94  7:31  Medivac  
  94  7:33  SCV x2  
  98  7:39  SCV  
  98  7:41  Marauder, Siege Tank, Marine x4  
  98  7:43  Terran Infantry Weapons Level 1  
  108  7:45  SCV  
  108  7:46  Orbital Command  
  108  7:49  Supply Depot  
  109  7:55  Supply Depot  
  109  7:57  Terran Infantry Armor Level 1  
  109  8:03  Marine x4  
  109  8:04  Marauder  
  115  8:08  SCV x2  
  115  8:09  Marine  
  118  8:13  Supply Depot  
  118  8:15  Armory  
  118  8:17  Starport Reactor  
  118  8:18  Missile Turret  
  118  8:19  Missile Turret  
  118  8:21  SCV x3, Marine x2  
  118  8:22  Barracks Reactor  
  123  8:30  Marine x4  
  127  8:45  SCV  
  127  8:48  Marine x4  
  127  8:49  Marauder x2  
  127  8:54  Siege Tank, Concussive Shells  
  136  9:06  Marine  
  137  9:12  Marine x4  
  137  9:13  Refinery, Marauder  
  137  9:15  Orbital Command  
  137  9:16  Refinery  
  142  9:18  Medivac  
  142  9:19  Medivac  
  142  9:23  Marine  
  147  9:26  Siege Tank  
  147  9:30  Marine x3  
  147  9:31  Marauder  
  155  9:34  Marine  
  156  9:41  Marine  
  156  9:50  Marine x2  
  156  9:54  Supply Depot, Terran Infantry Weapons Level 2, Terran Infantry Armor Level 2  
  156  9:55  Terran Vehicle and Ship Weapons Level 1, Medivac, Marauder, Supply Depot, Viking, Marine x2  
  156  9:58  SCV  
  156  9:59  Marine  
  166  10:08  Marine  
  166  10:12  Marine  
  166  10:13  Marauder, Marine  
  167  10:16  Marine  
  168  10:22  Marine  
  168  10:26  SCV x2, Marine  
  172  10:30  Marine  
  172  10:31  Refinery  
  172  10:32  Command Center  
  172  10:35  Marauder x2  
  177  10:36  Sensor Tower  
  177  10:41  Medivac x2  
  180  11:04  Marine x4  
  180  11:05  Marauder, Marine  
  187  11:12  Marine  
  187  11:13  Sensor Tower  
  188  11:35  Marine x2  
  188  11:36  Command Center x2  
  188  11:59  Supply Depot  
  188  12:00  Supply Depot  
  188  12:01  Supply Depot, Terran Vehicle and Ship Weapons Level 2  
  188  12:04  Marauder, Marine  
  188  12:21  Medivac x2, Siege Tank, Marine x4  
  188  12:22  Marine  
  200  12:26  Marauder  
  172  12:39  Marine x5  
  172  12:43  Missile Turret  
  172  12:44  Barracks  
  174  12:45  Barracks  
  174  12:47  Marauder  
  175  12:53  Siege Tank  
  175  12:56  Marine x4  
  175  12:57  Marine  
  154  13:02  Missile Turret  
  144  13:08  Marine  
  144  13:10  Orbital Command x2  
  140  13:14  Marine x4  
  140  13:15  Marine  
  140  13:16  Terran Infantry Weapons Level 3, Terran Infantry Armor Level 3  
  145  13:22  Medivac  
  145  13:23  Missile Turret, Medivac  
  145  13:25  Siege Tank  
  145  13:26  Marauder  
  154  13:28  Refinery  
  154  13:31  SCV x2  
  154  13:32  Marine x4  
  154  13:33  Marine  
  160  13:35  Command Center  
  159  13:43  Missile Turret  
  159  13:47  Marine x6  
  165  13:50  Marauder  
  167  13:59  Marine x4  
  168  14:03  Siege Tank  
  168  14:04  Medivac x2  
  168  14:05  SCV x3  
  168  14:06  Marauder x2  
  182  14:20  Marine x4  
  182  14:21  Marauder  
  182  14:22  Barracks Reactor x2  
  186  14:30  Marine x3  
  186  14:31  Marauder  
  191  14:36  Orbital Command  
  191  14:40  Siege Tank  
  194  14:48  Orbital Command  
  194  14:58  Marine x4  
  194  14:59  Marauder  
  200  15:04  Command Center, Orbital Command  
  200  15:05  Barracks  
  200  15:06  Command Center x2  
  200  15:08  Command Center  
  200  15:30  Missile Turret  
  198  15:52  Refinery  
  198  15:56  Refinery  
  198  16:18  Command Center  
Tags
 
Add a new tag
Caveats
  • Supply blocks, unpowered buildings, or Contaminate may cause inaccurate times.
  • Supply counts are checked every 10 seconds.